 Dungeon Crawl Stone Soup version 0.25-a0-435-g4b9beb1024 (webtiles) character file.

Game seed: 10003245208344611365, levelgen mode: deterministic

1178 Elellon the Thaumaturge (level 8, -12/41 HPs)
             Began as a Deep Elf Conjurer on Jan 26, 2020.
             Was an Initiate of Vehumet.
             Mangled by a mummy (13 damage)
             ... in an ossuary.
             The game lasted 00:08:42 (7465 turns).

Elellon the Thaumaturge (Deep Elf Conjurer)         Turns: 7465, Time: 00:08:42

Health: -12/41     AC:  7    Str:  6    XL:     8   Next: 18%
Magic:  16/23      EV: 13    Int: 22    God:    Vehumet [......]
Gold:   346        SH:  0    Dex: 15    Spells: 19/26 levels left

rFire    . . .     SeeInvis .   (no weapon)
rCold    . . .     Gourm    .   (no shield)
rNeg     . . .     Faith    .   a - +0 robe
rPois    .         Spirit   .   (no helmet)
rElec    .         Reflect  .   (no cloak)
rCorr    .         Harm     .   (no gloves)
MR       .....                  p - +1 pair of boots
Stlth    ++........             (no amulet)
HPRegen  0.13/turn              n - +3 ring of protection
MPRegen  0.18/turn              (no ring)

@: no status effects
A: no striking features
a: Renounce Religion


You were in an ossuary.
You worshipped Vehumet.
Vehumet was noncommittal.
You were hungry.

You visited 2 branches of the dungeon, and saw 7 of its levels.
You also visited: Ossuary.

You collected 346 gold pieces.

Inventory:

Armour
 a - a +0 robe (worn)
 p - a +1 pair of boots (worn)
Jewellery
 n - a +3 ring of protection (left hand)
Scrolls
 e - 3 scrolls of remove curse
 g - 7 scrolls of identify
 h - a scroll of vulnerability {unknown}
 k - a scroll of immolation
 l - a scroll of enchant weapon
 m - 3 scrolls of amnesia
 o - a scroll of fog {unknown}
Potions
 b - a potion of cancellation
 d - a potion of degeneration {unknown}
 f - a potion of flight {unknown}
 i - a potion of heal wounds {unknown}
 j - a potion of agility {unknown}
 q - a potion of berserk rage {unknown}
 s - a potion of curing {unknown}
Comestibles
 c - 12 rations


   Skills:
 - Level 2.4 Dodging
 - Level 2.4 Stealth
 + Level 9.5 Spellcasting
 + Level 8.8 Conjurations


You had 19 spell levels left.
You knew the following spells:

 Your Spells              Type           Power        Failure   Level  Hunger
a - Magic Dart            Conj           ####         1%          1    None
b - Searing Ray           Conj           #####.       1%          2    None
c - Iskenderun's Mystic   Conj/Tloc      ####....     11%         4    ##.....

Your spell library contained the following spells:

 Spells                   Type           Power        Failure   Level  Hunger
 Dazzling Flash           Conj/Hex       ####..       3%          3    None
 Fulminant Prism          Conj/Hex       ####......   11%         4    ##.....


Dungeon Overview and Level Annotations

Branches:
Dungeon (6/15)             Temple (1/1) D:5         Ossuary (1/1)

Altars:
Ashenzari
Cheibriados
Dithmenos
Elyvilon
Gozag
Hepliaklqana
Kikubaaqudgha
Okawaru
Qazlal
Ru
Sif Muna
Trog
Vehumet
Yredelemnul
Zin

Shops:
D:5 (

Annotations:
D:5 3 runed translucent doors, loom's ghost, novice OpTm


Message History

The magic dart hits the mummy.
The mummy is moderately damaged.
Casting: Magic Dart (safe; 1% risk of failure)
Confirm with . or Enter, or press ? or * to list all spells.
Aiming: Searing Ray (safe; 1% risk of failure)
Press: ? - help, Shift-Dir - straight line, f/p - mummy
Aim: a mummy (moderately damaged)
The searing ray misses the mummy. (Press . to maintain the ray.)
The mummy hits you.
The searing ray hits the mummy!
The mummy is severely damaged.
The mummy hits you!! The mummy hits you!
* * * LOW HITPOINT WARNING * * *
The searing ray misses the mummy.
You are feeling hungry.
The mummy hits you.
* * * LOW HITPOINT WARNING * * *
The mummy hits you!
You die...

###
######..#
#....M.##
+.∩.@M..#
#....M.##
######..#
###


You could see 3 mummies.

Vanquished Creatures
  A sky beast (D:5)
  A black bear (D:5)
  A scorpion (D:6)
  A howler monkey (D:4)
  2 crimson imps
  4 hounds
  A jelly (D:6)
  A centaur skeleton (D:5)
  2 orc priests
  3 orc wizards
  Jessica (D:2)
  An iguana (D:6)
  7 worker ants
  A hound skeleton (D:6)
  3 gnolls (D:4)
  A howler monkey skeleton (D:4)
  10 adders
  An ooze (D:5)
  2 adder skeletons (D:6)
  A worm (D:5)
  6 dart slugs
  28 orcs
  7 bats
  6 giant cockroaches
  11 goblins
  11 hobgoblins
  2 jackals (D:1)
  3 quokkas
  5 ball pythons
  6 frilled lizards
  9 kobolds
  3 rats
  A rat zombie (D:6)
143 creatures vanquished.

Notes
Turn   | Place    | Note
-------+----------+-------------------------------------------
     0 | D:1      | Elellon the Deep Elf Conjurer began the quest for the Orb.
     0 | D:1      | Reached XP level 1. HP: 10/10 MP: 6/6
    86 | D:1      | Reached XP level 2. HP: 15/15 MP: 4/8
   941 | D:1      | Reached skill level 4 in Spellcasting
  1072 | D:1      | Reached skill level 5 in Conjurations
  1072 | D:1      | Reached XP level 3. HP: 19/19 MP: 8/10
  2039 | D:2      | Reached XP level 4. HP: 20/24 MP: 0/12
  2279 | D:2      | Found a white marble altar of Elyvilon.
  2730 | D:2      | Noticed Jessica
  2734 | D:2      | Killed Jessica
  2734 | D:2      | Reached skill level 5 in Spellcasting
  2780 | D:2      | Learned a level 2 spell: Searing Ray
  2785 | D:2      | Learned a level 4 spell: Iskenderun's Mystic Blast
  3135 | D:3      | Reached XP level 5. HP: 28/28 MP: 8/14
  4583 | D:3      | Reached skill level 6 in Spellcasting
  4764 | D:4      | Reached XP level 6. HP: 24/32 MP: 9/17
  5097 | D:4      | Reached skill level 7 in Spellcasting
  5231 | D:4      | Reached XP level 7. HP: 30/36 MP: 6/19
  5876 | D:5      | Entered Level 5 of the Dungeon
  5876 | D:5      | Found Xuxus's Weapon Boutique.
  5934 | D:5      | Found a runed translucent gate.
  5934 | D:5      | Found a runed translucent gate.
  5934 | D:5      | Found a runed translucent gate.
  5937 | D:5      | Found an opulent altar of Gozag.
  5938 | D:5      | Noticed loom's ghost (novice OpTm)
  6147 | D:5      | Found a staircase to the Ecumenical Temple.
  6156 | Temple   | Entered the Ecumenical Temple
  6161 | Temple   | Became a worshipper of Vehumet
  6178 | D:5      | Reached skill level 8 in Spellcasting
  7023 | D:6      | Reached skill level 9 in Spellcasting
  7025 | D:6      | Reached XP level 8. HP: 41/41 MP: 14/23
  7191 | D:6      | Found a snail-covered altar of Cheibriados.
  7438 | D:6      | Found a sand-covered staircase.
  7458 | Ossuary  | Entered an ossuary
  7465 | Ossuary  | HP: 1/41 [mummy (3)]
  7465 | Ossuary  | Mangled by a mummy

Levels and vault maps discovered:
D:1:      lightli_arrival_maybe_door_vault, layout_loops_corners, minivault_23,
          skrybe_limestone_x, roderic_st_hans_cross
D:2:      layout_rooms, lemuel_round_altar, uniq_jessica
D:3:      layout_basic
D:4:      layout_cave_pools, first_ration
D:5:      layout_basic, minmay_temple_entry_tees, serial_shops,
          nicolae_shop_stone, ebering_ghost_gozag
D:6:      layout_gridville, enter_ossuary_3, basic_altar,
          chequers_decorated_corner, uniq_eustachio
Temple:   grunt_wide_crystal_templ
Ossuary:  ossuary_minmay_chase

Skill      XL: |  1  2  3  4  5  6  7 |
---------------+----------------------+-----
Spellcasting   | 4 5 6 7 9 |  9.5
Conjurations   | 5 6 7 8 |  8.8
Dodging        | |  2.4
Stealth        | |  2.4

Action                   |  1- 3 |  4- 6 |  7- 9 || total
-------------------------+-------+-------+-------++-------
 Cast: Magic Dart        |    82 |   126 |    64 ||   272
       Searing Ray       |       |    19 |    22 ||    41
  Use: Scroll            |       |       |     9 ||     9
  Eat: Chunk             |     3 |    10 |     6 ||    19
Armor: Robe              |     1 |     4 |     4 ||     9
Dodge: Dodged            |     3 |    16 |     8 ||    27

Table legend:
 A = Non-vault XP
 B = Vault XP
 C = Vault XP percentage of total XP
 D = Non-vault monster count
 E = Vault monster count
 F = Vault count percentage of total count
                 A         B        C        D         E       F
            +---------+---------+-------+---------+---------+-------
      Total |    1646 |      38 |   2.3 |     141 |       2 |   1.4
            +---------+---------+-------+---------+---------+-------
        D:1 |      59 |       0 |   0.0 |      33 |       0 |   0.0
        D:2 |      93 |      37 |  28.5 |      27 |       1 |   3.6
        D:3 |     113 |       0 |   0.0 |      26 |       0 |   0.0
        D:4 |     511 |       0 |   0.0 |      24 |       0 |   0.0
        D:5 |     495 |       0 |   0.0 |      13 |       0 |   0.0
        D:6 |     375 |       1 |   0.3 |      18 |       1 |   5.3
            +---------+---------+-------+---------+---------+-------
